[Event "*** Titled Tuesday Blitz AM"]
[Site "Chess.com"]
[Date "2020.01.07"]
[Round "1"]
[White "Sjakkerntobi"]
[Black "MarcoRiehle"]
[Result "0-1"]
[WhiteElo "2246"]
[BlackElo "2630"]
[TimeControl "180+2"]
[EndTime "9:06:21 PST"]
[Termination "MarcoRiehle won by checkmate"]

1. e4 e5 2. Nf3 Nf6 3. Nc3 Nc6 4. Bb5 Bc5 5. O-O O-O 6. d3 d6 7. Ne2 Bg4 8. Ng3 Nd4 9. Bc4 Nh5 10. c3 Nxg3 11.
cxd4 Nxf1 12. dxc5 Nxh2 13. Kxh2 dxc5 14. Be3 b6 15. Qe2 Qf6 16. Kg1 Rad8 17. a4 Rd6 18. a5 Rfd8 19. axb6 axb6 20. Ra7 Qe7 21. Qf1 Bxf3 22.
gxf3 Qh4 23. Qa1 Qh3 24. Bg5 Rg6 25. Bxf7+ Kxf7 26. Qa2+ Kf8 27. f4 exf4 28. f3 Qg3+ 29. Kf1 Qxf3+ 30. Ke1 Qe3+ 31. Kd1 Qxd3+ 32. Kc1 Qd1# 0-1

[Event "*** Titled Tuesday Blitz AM"]
[Site "Chess.com"]
[Date "2020.01.07"]
[Round "1"]
[White "Genghis_K"]
[Black "Talcrifice"]
[Result "1-0"]
[WhiteElo "2885"]
[BlackElo "2485"]
[TimeControl "180+2"]
[EndTime "9:06:28 PST"]
[Termination "Genghis_K won by resignation"]

1. Nf3 d5 2. d4 Nf6 3. Bf4 c5 4. e3 Nc6 5. Nbd2 cxd4 6. exd4 Bf5 7. Bb5 e6 8. Ne5 Qb6 9. c4 a6 10. Bxc6+ bxc6 11. O-O Be7 12. Qb3 Qxd4 13. g3 O-O 14. Nxc6 Qc5 15. Qb7 Bd6 16. b4 1-0

[Event "*** Titled Tuesday Blitz AM"]
[Site "Chess.com"]
[Date "2020.01.07"]
[Round "1"]
[White "AdrianPetrisor1992"]
[Black "Hydrargyrum_Girl"]
[Result "1-0"]
[WhiteElo "2609"]
[BlackElo "2216"]
[TimeControl "180+2"]
[EndTime "9:06:29 PST"]
[Termination "AdrianPetrisor1992 won by resignation"]

1. Nf3 Nf6 2. g3 g6 3. Bg2 Bg7 4. O-O O-O 5. d4 d6 6. b3 c5 7. Bb2 cxd4 8. Nxd4 a6 9. c4 Qc7 10. Nc3 Bd7 11. Rc1 Nc6 12. Nd5 Qd8 13. e3 Rc8 14. Qd2 Nxd4 15. Bxd4 Nxd5 16. Bxg7 Kxg7 17. cxd5 Qb6 18. h4 h5 19. e4 Bb5 20. Rfe1 Rc5 21. Rxc5 Qxc5 22. Rc1 Qb6 23. Kh2 Bd7 24. f4 f6 25. Re1 Rc8 26. e5 dxe5 27. fxe5 Qc5 28. exf6+ exf6 29. d6 Re8 30. Rxe8 Bxe8 31. d7 1-0

[Event "*** Titled Tuesday Blitz AM"]
[Site "Chess.com"]
[Date "2020.01.07"]
[Round "1"]
[White "DrVelja"]
[Black "peteseeger"]
[Result "1-0"]
[WhiteElo "2596"]
[BlackElo "2170"]
[TimeControl "180+2"]
[EndTime "9:06:43 PST"]
[Termination "DrVelja won by resignation"]

1. e4 g6 2. d4 Bg7 3. Nc3 c6 4. h3 d6 5. f4 e5 6. dxe5 Qh4+ 7. Ke2 dxe5 8. Nf3 Qe7 9. fxe5 Nd7 10. Bg5 f6 11.
exf6 Ngxf6 12. Kf2 O-O 13. Bd3 Ne5 14. Ke1 Qc5 15. Qd2 Bd7 16. Rf1 Rae8 17. Be3 Qb4 18. Rb1 Nc4 19. Bxc4+ Qxc4 20. Qd3 Qb4 21. e5 Nd5 22. a3 Qa5 23. b4 Qxa3 24. Nxd5 Qxd3 25. cxd3 cxd5 26. Bd4 Rc8 27. Kd2 a6 28. Rfc1 h6 29. Rxc8 Rxc8 30. Re1 Kf7 31. e6+ Bxe6 32. Bxg7 1-0

[Event "*** Titled Tuesday Blitz AM"]
[Site "Chess.com"]
[Date "2020.01.07"]
[Round "1"]
[White "HomayoonTofighi"]
[Black "Zarikovs1999"]
[Result "0-1"]
[WhiteElo "2681"]
[BlackElo "2350"]
[TimeControl "180+2"]
[EndTime "9:06:44 PST"]
[Termination "Zarikovs1999 won by resignation"]

1. e4 c5 2. Nf3 d6 3. Bb5+ Bd7 4. Bxd7+ Qxd7 5. O-O Nc6 6. c3 Nf6 7. Re1 e6 8. d4 cxd4 9. cxd4 d5 10. e5 Ne4 11. a3 a5 12. Qd3 Be7 13. Nbd2 Nxd2 14. Bxd2 O-O 15. Re3 Rfc8 16. Ne1 b5 17. Rh3 g6 18.
Nf3 Qd8 19. Qe3 Qf8 20. Qf4 b4 21. a4 Nd8 22. Qg4 Rc2 23. Bh6 Qe8 24. Bg5 Rac8 25. Qh4 Rc1+ 26. Rxc1 Rxc1+ 27. Bxc1 Bxh4 28. Rxh4 Qc6 29. Bg5 Qc2 30. g4 Nc6 31. Bf6 Qd1+ 32. Kg2 Nxd4 33. Ng5 h6 34. h3 h5 35. gxh5 gxh5 36.
f3 Qe2+ 37. Kg1 Qe1+ 38. Kg2 Qxh4 39. Nxe6 Qe1 40. Nxd4 Qd2+ 41. Ne2 Qxe2+ 42. Kg3 Qxb2 0-1

[Event "*** Titled Tuesday Blitz AM"]
[Site "Chess.com"]
[Date "2020.01.07"]
[Round "1"]
[White "capatl"]
[Black "GremioPrudente"]
[Result "1-0"]
[WhiteElo "2638"]
[BlackElo "2252"]
[TimeControl "180+2"]
[EndTime "9:06:44 PST"]
[Termination "capatl won on time"]

1. c4 c5 2. Nc3 Nc6 3. g3 Nf6 4.
Bg2 g6 5. e3 Bg7 6. Nge2 O-O 7.
O-O d6 8. h3 Bf5 9. d4 h5 10.
Kh2 Rc8 11. b3 e5 12. d5 Ne7 13. e4 Bd7 14. f4 Ne8 15. Bb2 f5 16. Qc2 Kh7 17.
Rae1 a6 18. a4 exf4 19. Nxf4 Nf6 20. Ne6 Bxe6 21. dxe6 Nxe4 22. Nxe4 fxe4 23. Bxe4 Bxb2 24. Qxb2 Rc7 25. Rf7+ Rxf7 26. exf7 Nf5 27. Bxf5 gxf5 28.
Re8 1-0

[Event "*** Titled Tuesday Blitz AM"]
[Site "Chess.com"]
[Date "2020.01.07"]
[Round "1"]
[White "Snegokhod"]
[Black "Saloni1299"]
[Result "1-0"]
[WhiteElo "2564"]
[BlackElo "2061"]
[TimeControl "180+2"]
[EndTime "9:06:44 PST"]
[Termination "Snegokhod won on time"]

1. e4 e6 2. d3 d5 3. Nd2 c5 4.
Ngf3 g6 5. Be2 Bg7 6. O-O Nc6 7. exd5 exd5 8. Nb3 b6 9. d4 c4 10. Nbd2 Nge7 11. c3 O-O 12. Re1 Rb8 13. Nf1 Nf5 14. Ne3 Nxe3 15. Bxe3 Qd6 16. Qd2 Rb7 17. g3 Bf5 18. Bf1 Ne7 19. Bg2 Be4 20. Bf4 Qd7 21. Rxe4 dxe4 22. Ne5 Bxe5 23. Bxe5 Nc6 24. Bxe4 Nxe5 25.
Bxb7 Qxb7 26. dxe5 Re8 27. Re1 Qf3 28. Qd7 Kf8 29.
Re3 Qf5 30. Qd6+ Kg7 31. Qd5 Re6 32. Kg2 Qc2 33. Qd7 Qxb2 34. Rf3 1-0

[Event "*** Titled Tuesday Blitz AM"]
[Site "Chess.com"]
[Date "2020.01.07"]
[Round "1"]
[White "Daxasy"]
[Black "FedaMaster"]
[Result "1-0"]
[WhiteElo "2826"]
[BlackElo "2440"]
[TimeControl "180+2"]
[EndTime "9:06:48 PST"]
[Termination "Daxasy won by resignation"]

1. e4 d5 2. exd5 Qxd5 3. Nc3 Qd6 4. d4 Nf6 5. Nf3 Bg4 6. Be3 Nc6 7. h3 Bh5 8. g4 Bg6 9. Bg2 e6 10. Ne5 Nd5 11.
Nxd5 exd5 12. Nxg6 fxg6 13. c3 O-O-O 14. Qa4 Kb8 15.
O-O-O Be7 16. Kb1 g5 17. a3 Rhe8 18. c4 dxc4 19. d5 Qg6+ 20. Ka2 Bf6 21. dxc6 a6 22.
cxb7 Rxe3 23. Rxd8+ Bxd8 24. fxe3 Qe6 25. Rd1 Bf6 26.
Bd5 Qe5 27. Rd2 c3 28. Qxa6 c6 29. Qa8+ Kc7 30. b8=Q+ Kd7 31. Qxc6+ 1-0

[Event "*** Titled Tuesday Blitz AM"]
[Site "Chess.com"]
[Date "2020.01.07"]
[Round "1"]
[White "elpepinillo14"]
[Black "yy2324"]
[Result "0-1"]
[WhiteElo "2649"]
[BlackElo "2601"]
[TimeControl "180+2"]
[EndTime "9:06:55 PST"]
[Termination "yy2324 won by resignation"]

1. e4 c5 2. Nc3 Nc6 3. g3 g6 4. Bg2 Bg7 5. d3 e6 6. Be3 d6 7. Qd2 Nge7 8. Bh6 Bxh6 9. Qxh6 Nd4 10. O-O-O Nec6 11. Qg7 Ke7 12. Qh6 Qf8 13. Qg5+ f6 14. Qe3 Bd7 15. Nce2 e5 16. c3 Nxe2+ 17. Nxe2 Qf7 18.
Kb1 Be6 19. a3 Kf8 20. d4 Bb3 21. Rc1 Kg7 22. d5 Na5 23. Ng1 Nc4 24. Qe1 Qd7 25. Nf3 Qb5 26. Rc2 Bxc2+ 27. Kxc2 Qxb2+ 28. Kd3 Nxa3 29. Qc1 Qxf2 30. Qxa3 Qxg2 31. Qc1 Qxf3+ 32. Kd2 Qxe4 33. Qf1 Qxd5+ 34. Ke1 Rac8 35. h4 Rc6 36. Rh2 Ra6 37. Rd2 Ra1+ 0-1

[Event "*** Titled Tuesday Blitz AM"]
[Site "Chess.com"]
[Date "2020.01.07"]
[Round "1"]
[White "Triumphmate"]
[Black "miroslavsavic"]
[Result "1-0"]
[WhiteElo "2559"]
[BlackElo "2054"]
[TimeControl "180+2"]
[EndTime "9:06:58 PST"]
[Termination "Triumphmate won by resignation"]

1. e4 c5 2. Nf3 d6 3. d4 cxd4 4. Nxd4 Nf6 5. Nc3 a6 6. f4 e5 7. Nf3 Be7 8. Bd3 Bg4 9. O-O Nbd7 10. Qe1 O-O 11. Bd2 Rc8 12. Kh1 b5 13. a3 h6 14. f5 Bxf3 15. Rxf3 Nb6 16. Rg3 Kh7 17. Rd1 Nc4 18. Bc1 Nb6 19. Rh3 Ng8 20. Qg3 Bf6 21. Qf3 Bg5 22. Be3 Bxe3 23. Qxe3 Nf6 24. Be2 Re8 25. g4 d5 26. g5 d4 27. Qg3 Rxc3 28. bxc3 Ng8 29. Bh5 Qe7 30. Bxf7 Rf8 31. gxh6 Nxh6 32. Qg6+ 1-0

[Event "*** Titled Tuesday Blitz AM"]
[Site "Chess.com"]
[Date "2020.01.07"]
[Round "1"]
[White "senecacrane"]
[Black "Atakishiyev04"]
[Result "0-1"]
[WhiteElo "2316"]
[BlackElo "2696"]
[TimeControl "180+2"]
[EndTime "9:07:00 PST"]
[Termination "Atakishiyev04 won by resignation"]

1. Nf3 Nf6 2. e3 d5 3. c4 c6 4. Nc3 e6 5. d4 Nbd7 6. Bd2 Bd6 7. Bd3 dxc4 8. Bxc4 b5 9. Bd3 a6 10. Ne4 Nxe4 11.
Bxe4 Bb7 12. b4 Nf6 13. Bd3 O-O 14. O-O Nd5 15. Qb3 f5 16. Rfc1 Qf6 17. a3 g5 18.
Qb2 Nb6 19. Ne5 Na4 20. Qc2 Bxe5 21. dxe5 Qxe5 22. Bc3 Nxc3 23. Qxc3 Qxc3 24. Rxc3 a5 25. Rac1 axb4 26. axb4 Rfd8 27. Be2 Rd2 28. Bf3 Raa2 29. Rf1 Rab2 30. Bxc6 Bxc6 31. Rxc6 Kf7 32. Rc7+ Kg6 33. Re7 Kf6 34. Rxh7 Rxb4 35. Rc1 Rbb2 36. Rf1 g4 37. h3 g3 38. Rh6+ Ke5 39. Rg6 gxf2+ 40. Kh2 Re2 41. h4 Re1 42. Rxf2 Rxf2 43. h5 b4 44. h6 Rff1 0-1

[Event "*** Titled Tuesday Blitz AM"]
[Site "Chess.com"]
[Date "2020.01.07"]
[Round "1"]
[White "IMUltimateBeast"]
[Black "Butterfly"]
[Result "1/2-1/2"]
[WhiteElo "2614"]
[BlackElo "2318"]
[TimeControl "180+2"]
[EndTime "9:07:01 PST"]
[Termination "Game drawn by repetition"]

1. d4 d6 2. Bf4 Nf6 3. e3 c5 4. c3 Nc6 5. Nd2 cxd4 6. exd4 Bg4 7. Be2 Bxe2 8. Nxe2 g6 9. Nf3 Nd5 10. Bg3 Bg7 11. O-O O-O 12. h3 Qd7 13. a3 Na5 14. Qd3 Rac8 15. Nf4 Qc6 16. Rfe1 e6 17. Nxd5 Qxd5 18.
Rad1 b5 19. Qb1 Nc4 20. Nd2 Nxd2 21. Rxd2 a5 22. Qe4 Qxe4 23. Rxe4 d5 24. Re1 Rfd8 25. Be5 Bxe5 26. dxe5 Rc4 27. Rd3 Rb8 28. Kf1 b4 29.
cxb4 axb4 30. b3 Rc2 31. a4 Kf8 32. h4 Ke7 33. Re2 Rc1+ 34. Re1 Rc2 35. Re2 Rc1+ 36.
Re1 Rc2 1/2-1/2

[Event "*** Titled Tuesday Blitz AM"]
[Site "Chess.com"]
[Date "2020.01.07"]
[Round "1"]
[White "Peroncio"]
[Black "CuteRook"]
[Result "1-0"]
[WhiteElo "2741"]
[BlackElo "2379"]
[TimeControl "180+2"]
[EndTime "9:07:04 PST"]
[Termination "Peroncio won by resignation"]

1. g3 Nf6 2. Bg2 g6 3. b3 Bg7 4. Bb2 O-O 5. Nf3 d6 6. d4 e5 7.
dxe5 Ng4 8. Nc3 Nc6 9. exd6 cxd6 10.
O-O a6 11. h3 Nf6 12. Qd2 d5 13. Rad1 Be6 14. Na4 Ne4 15. Qc1 Bxb2 16. Qxb2 Rc8 17.
c4 b5 18. cxb5 axb5 19. Nc3 Qf6 20. Rc1 Nb4 21. a3 Nxc3 22. axb4 Rc7 23. Qd2 Rfc8 24.
Kh2 Ne4 25. Qe3 Rxc1 26. Rxc1 Rxc1 27. Qxc1 Nxf2 28. Qc5 Ne4 29. Qxb5 h5 30. Qb8+ Kg7 31. Qe5 Qxe5 32. Nxe5 Kf6 33. Nd3 Nc3 34. Bf3 d4 35.
Nc5 Ke5 36. Kg2 Bd5 37. h4 Nxe2 38. Kf2 Bxf3 39. Kxf3 Nc3 40. Nd3+ Kd5 41. Kf4 f6 42. Kf3 Nb5 43. Nf4+ Ke5 44. Nxg6+ Kf5 45. Nf4 1-0

[Event "*** Titled Tuesday Blitz AM"]
[Site "Chess.com"]
[Date "2020.01.07"]
[Round "1"]
[White "OneTrickPony_82"]
[Black "Alexander_Moskalenko"]
[Result "1-0"]
[WhiteElo "2454"]
[BlackElo "2786"]
[TimeControl "180+2"]
[EndTime "9:07:10 PST"]
[Termination "OneTrickPony_82 won by resignation"]

1. d4 Nf6 2. c4 e6 3. Nf3 d5 4. Nc3 Bb4 5. cxd5 exd5 6. Bg5 h6 7. Bh4 Bf5 8. e3 c6 9. Be2 Nbd7 10. Qb3 Qb6 11.
Nd2 Be7 12. O-O O-O 13. h3 Bd6 14. Qxb6 axb6 15. f3 Rfe8 16. Bf2 b5 17. a3 Nb6 18. g4 Bh7 19. h4 h5 20. g5 Nfd7 21. e4 Nc4 22. Nxc4 bxc4 23. e5 Bf8 24. f4 b5 25.
Bxh5 Bd3 26. Bg4 Nb6 27. Rfe1 g6 28. h5 b4 29. axb4 Bxb4 30. Rxa8 Nxa8 31. hxg6 fxg6 32.
Ra1 Nc7 33. Bd7 Rf8 34. Bxc6 Rxf4 35. Nxd5 Nxd5 36. Bxd5+ Kh8 37. Be6 Be7 38. Ra8+ Kg7 39. Ra7 Kf8 40. d5 Rxf2 41. Ra8+ Kg7 42. Kxf2 Bxg5 43.
d6 c3 44. bxc3 Be4 45. Ra7+ 1-0

[Event "*** Titled Tuesday Blitz AM"]
[Site "Chess.com"]
[Date "2020.01.07"]
[Round "1"]
[White "fireheart92"]
[Black "GelmanAlexander"]
[Result "1-0"]
[WhiteElo "2903"]
[BlackElo "2499"]
[TimeControl "180+2"]
[EndTime "9:07:13 PST"]
[Termination "fireheart92 won on time"]

1. d4 Nf6 2. c4 c5 3. Nf3 cxd4 4. Nxd4 b6 5. f3 Bb7 6. e4 d6 7. Nc3 Nbd7 8. Be2 a6 9. Be3 e6 10. O-O Rc8 11. Qd2 h6 12. a4 g5 13. a5 bxa5 14. Nb3 Rg8 15. Nxa5 Ba8 16. b4 g4 17. f4 Nxe4 18. Nxe4 Bxe4 19. c5 dxc5 20. Bxa6 Rb8 21. Rfd1 g3 22. h3 Rxb4 23. Qe2 f5 24. Qh5+ Ke7 25.
Bxc5+ Nxc5 26. Qh4+ Kf7 27. Rxd8 Nd3 28. Qh5+ Kg7 29.
Rd7+ Kh8 30. Bxd3 Bc5+ 31. Kh1 Bxg2+ 32. Kxg2 Rb2+ 33. Be2 1-0

[Event "*** Titled Tuesday Blitz AM"]
[Site "Chess.com"]
[Date "2020.01.07"]
[Round "1"]
[White "ViennaRocket"]
[Black "temus_galaktionov"]
[Result "0-1"]
[WhiteElo "2383"]
[BlackElo "2735"]
[TimeControl "180+2"]
[EndTime "9:07:15 PST"]
[Termination "temus_galaktionov won by resignation"]

1. d4 c6 2. c4 g6 3. Nc3 Bg7 4. e4 d6 5. Nf3 Nd7 6. Be2 e5 7.
O-O Ngf6 8. h3 O-O 9. dxe5 dxe5 10. b3 Qe7 11. a4 Rd8 12. Ba3 Qe8 13. Qc1 Nh5 14.
Rd1 Nf4 15. Bf1 Nf6 16. Kh2 Rxd1 17. Qxd1 N6h5 18. Qd2 Ne6 19. Ne2 Nhf4 20. Nxf4 Nxf4 21. Rd1 Be6 22. Bd6 f6 23. Qb4 Qf7 24. a5 a6 25.
Bc5 g5 26. Be3 Bf8 27. Qd2 Ng6 28. g3 h5 29. Be2 g4 30. hxg4 hxg4 31. Ne1 Qh7+ 32. Kg1 Be7 33. Bf1 Kf7 34. Bg2 Rh8 35.
Kf1 Qh2 36. Ke2 Rd8 37. Qc2 Rxd1 38. Kxd1 Nf8 39. Qd2 Nd7 40. Bf1 Qh1 41. Bd3 Nc5 42. Bxc5 Bxc5 43. Kc2 Qg1 44. f4 gxf3 45. Nxf3 Qxg3 46.
Ne1 Bf2 47. Kd1 Bg4+ 48. Be2 Bxe1 49. Qxe1 Qxe1+ 50. Kxe1 Bxe2 51. Kxe2 Kg6 52. Kf3 Kg5 53.
Kg3 f5 54. Kf3 f4 55. Kf2 Kg4 56. Kg2 f3+ 0-1

[Event "*** Titled Tuesday Blitz AM"]
[Site "Chess.com"]
[Date "2020.01.07"]
[Round "1"]
[White "muran29"]
[Black "hansen"]
[Result "0-1"]
[WhiteElo "2504"]
[BlackElo "2912"]
[TimeControl "180+2"]
[EndTime "9:07:16 PST"]
[Termination "hansen won by resignation"]

1. d4 Nf6 2. c4 e6 3. Nf3 d5 4.
Nc3 c6 5. Bg5 h6 6. Bh4 Nbd7 7.
cxd5 exd5 8. e3 Be7 9. Bd3 O-O 10. O-O Ne4 11. Bxe7 Qxe7 12. Qc2 f5 13. Rae1 a5 14. Na4 g6 15. Nd2 Qb4 16. Nxe4 fxe4 17. Be2 Kg7 18. Nc5 Nxc5 19. Qxc5 Qxc5 20. dxc5 a4 21. Rc1 Ra5 22. Rfd1 Kf6 23. Rd4 Ke5 24. Kf1 Bd7 25. Ke1 b6 26. Rb4 bxc5 27. Rb7 Kd6 28. Rc3 Raa8 29. f3 exf3 30. Bxf3 Rfb8 31. Rxb8 Rxb8 32. Rc2 Bf5 33.
Rd2 Ke5 34. Kf2 c4 35. h3 a3 36.
bxa3 c3 37. Re2 0-1

[Event "*** Titled Tuesday Blitz AM"]
[Site "Chess.com"]
[Date "2020.01.07"]
[Round "1"]
[White "NewBornNow"]
[Black "shanemelaughcm"]
[Result "1-0"]
[WhiteElo "2701"]
[BlackElo "2319"]
[TimeControl "180+2"]
[EndTime "9:07:17 PST"]
[Termination "NewBornNow won by resignation"]

1. e4 d6 2. d4 Nf6 3. Nc3 Nbd7 4. f4 e5 5. dxe5 dxe5 6. Nf3 Bb4 7. Bd3 Qe7 8. O-O O-O 9. Kh1 c6 10. Qe1 Bd6 11.
f5 Ne8 12. g4 Nc5 13. g5 f6 14. Rg1 Nxd3 15. cxd3 Bc5 16. Rg3 fxg5 17. Bxg5 Nf6 18. Rh3 h6 19. Bh4 Qf7 20. Nxe5 Qh5 21. Qe2 Qe8 22. Ng6 Rf7 23. Rf1 Bd4 24. Qg2 Be5 25. Nxe5 Qxe5 26. Bg3 Qc5 27. Rxh6 Ng4 28. Rh4 Ne3 29.
Qg1 Qb6 30. Bf2 Nxf1 31. Bxb6 axb6 32. Qxf1 1-0

[Event "*** Titled Tuesday Blitz AM"]
[Site "Chess.com"]
[Date "2020.01.07"]
[Round "1"]
[White "dolynachess"]
[Black "StephenDedalus83"]
[Result "0-1"]
[WhiteElo "2351"]
[BlackElo "2716"]
[TimeControl "180+2"]
[EndTime "9:07:18 PST"]
[Termination "StephenDedalus83 won by resignation"]

1. d4 Nf6 2. c4 g6 3. Nc3 Bg7 4. e4 d6 5. Nf3 O-O 6. Be2 e5 7. d5 a5 8. Be3 Ng4 9. Bg5 f6 10. Bh4 Na6 11. Nd2 Nh6 12. a3 Bd7 13. f3 Nf7 14.
Rb1 Nc5 15. b4 axb4 16. axb4 Na4 17. Qb3 Bh6 18. Ra1 Nc5 19. Rxa8 Bxd2+ 20. Kd1 Nxb3 21.
Rxd8 Nxd8 22. Kc2 Bxc3 23. Kxc3 Nd4 24. Bd3 c6 25. Ra1 cxd5 26. exd5 Nf5 27. Bf2 Ne7 28. Bb6 Nf7 29. Ra7 Bc8 30. Kb3 f5 31. Bc7 Kg7 32.
Bc2 Kf6 33. Bd3 h5 34. h4 f4 35. Bc2 Bf5 36. Rxb7 Bxc2+ 37. Kxc2 Nf5 38. c5 Ne3+ 39. Kd3 Nxd5 40. cxd6 Ke6 41. Ke4 Nf6+ 42. Kd3 Nxd6 43. Rb6 Ne8 0-1

[Event "*** Titled Tuesday Blitz AM"]
[Site "Chess.com"]
[Date "2020.01.07"]
[Round "1"]
[White "Justmig"]
[Black "enkhtuul"]
[Result "1-0"]
[WhiteElo "2708"]
[BlackElo "2345"]
[TimeControl "180+2"]
[EndTime "9:07:19 PST"]
[Termination "Justmig won by resignation"]

1. d4 Nf6 2. Bg5 Ne4 3. Bf4 c5 4. f3 Nf6 5. dxc5 Qa5+ 6. Nc3 Qxc5 7. e4 d6 8. Qd2 g6 9. O-O-O Bg7 10. g4 Nc6 11. h4 h5 12. g5 Nd7 13. Nd5 Nd4 14.
Be3 e5 15. b4 Qc6 16. Bxd4 exd4 17. Bb5 O-O 18. Bxc6 bxc6 19. Ne7+ Kh7 20. Ne2 c5 21. bxc5 dxc5 22. Nxc8 Raxc8 23. f4 f5 24. e5 Nb6 25. Qd3 Rfd8 26. c4 Nd7 27. Kc2 Nf8 28.
Rb1 Rc7 29. Rb5 Ne6 30. Rhb1 Rdd7 31. Kd1 a6 32. Rb6 Re7 33. Rxa6 Nd8 34. Rbb6 Bxe5 35.
fxe5 Rxe5 36. Rxg6 Nf7 37. Rgf6 Rce7 38. Rxf7+ Rxf7 39. g6+ Kg7 40. gxf7 Kxf7 41. Nf4 1-0

[Event "*** Titled Tuesday Blitz AM"]
[Site "Chess.com"]
[Date "2020.01.07"]
[Round "1"]
[White "Komissarov_alex"]
[Black "cholzan"]
[Result "0-1"]
[WhiteElo "1743"]
[BlackElo "2533"]
[TimeControl "180+2"]
[EndTime "9:07:19 PST"]
[Termination "cholzan won on time"]

1. d4 d5 2. Nf3 Nf6 3. e3 g6 4. b4 Bg7 5. Bb2 O-O 6. Nbd2 b6 7. c4 Bb7 8. Qb3 dxc4 9. Bxc4 Ne4 10. Nxe4 Bxe4 11.
Ng5 Bxg2 12. Rg1 Bb7 13. Bxf7+ Kh8 14. Ne6 Qc8 15. Nxf8 Qxf8 16. Bd5 c6 17. Be4 Nd7 18. Rc1 Nf6 19. Bxc6 Ne4 20. Bxe4 Bxe4 21. d5 Rd8 22.
Bxg7+ Qxg7 23. Qc3 Rxd5 24. Qxg7+ Kxg7 25. Ke2 Bd3+ 26. Ke1 Be4 27. Rd1 Rb5 28. a3 a5 29. Rd4 Bf3 30. Rg3 Bc6 31. h3 e5 32.
Rd6 Be4 33. Rd7+ Kf6 34. f3 Bf5 35. Rd6+ Ke7 36. Rc6 axb4 37. axb4 Rxb4 38. Rc7+ Kf6 39. Rxh7 Rb2 0-1

[Event "*** Titled Tuesday Blitz AM"]
[Site "Chess.com"]
[Date "2020.01.07"]
[Round "1"]
[White "Firouzja2003"]
[Black "Alopekos"]
[Result "1-0"]
[WhiteElo "3088"]
[BlackElo "2525"]
[TimeControl "180+2"]
[EndTime "9:07:20 PST"]
[Termination "Firouzja2003 won by resignation"]

1. e4 c5 2. Nf3 Nc6 3. c3 Nf6 4. e5 Nd5 5. d4 cxd4 6. Bc4 Nb6 7. Bb3 e6 8. cxd4 d6 9. exd6 Bxd6 10. O-O O-O 11. Nc3 Ne7 12. Ne4 Nbd5 13. Bg5 h6 14. Bh4 Bc7 15. Rc1 b6 16. Re1 Bf4 17. Rc2 Bb7 18.
Ne5 Rc8 19. Rxc8 Qxc8 20. Nd6 Qb8 21. Nxb7 Qxb7 22. Qf3 Bg5 23. Bxg5 hxg5 24. Qg4 Nf4 25. Qxg5 Ned5 26. Qg4 f6 27. Ng6 f5 28. Qg5 Qf7 29.
Nxf4 Qf6 30. Qxf6 Rxf6 31. Nxd5 exd5 32. g3 1-0

[Event "*** Titled Tuesday Blitz AM"]
[Site "Chess.com"]
[Date "2020.01.07"]
[Round "1"]
[White "albano87"]
[Black "Nbk90"]
[Result "0-1"]
[WhiteElo "2045"]
[BlackElo "2556"]
[TimeControl "180+2"]
[EndTime "9:07:21 PST"]
[Termination "Nbk90 won by checkmate"]

1. d4 Nf6 2. Nf3 e6 3. g3 d5 4. Bg2 Be7 5. O-O O-O 6. c4 c6 7. Nc3 Nbd7 8. Ne5 Nxe5 9. dxe5 Nd7 10. cxd5 cxd5 11. f4 Nc5 12. Kh1 b6 13. f5 Bb7 14.
Qd4 Ne4 15. f6 gxf6 16. Bh6 Bc5 17. Qd3 f5 18. Qf3 Kh8 19. Bxf8 Qxf8 20. g4 Nd2 21. Qh3 Nxf1 22. Rxf1 fxg4 23. Qxg4 Qg7 24. Qh3 Rg8 25. e4 d4 26. Ne2 d3 27. Nf4 d2 28. Rd1 Bxe4 29.
Rxd2 Qxe5 30. Re2 Qxf4 31. Bxe4 Rg1# 0-1

[Event "*** Titled Tuesday Blitz AM"]
[Site "Chess.com"]
[Date "2020.01.07"]
[Round "1"]
[White "politeplayer"]
[Black "nonscitis"]
[Result "0-1"]
[WhiteElo "2115"]
[BlackElo "2569"]
[TimeControl "180+2"]
[EndTime "9:07:23 PST"]
[Termination "nonscitis won by resignation"]

1. f4 e5 2. e4 exf4 3. Nf3 d6 4. Nc3 g5 5. Bc4 g4 6. O-O gxf3 7. Qxf3 Be6 8.
Bxe6 fxe6 9. Qxf4 Qe7 10. d4 Nd7 11. Nb5 O-O-O 12. Nxa7+ Kb8 13. Nb5 Bg7 14. Qe3 c6 15.
Na3 Ngf6 16. Nc4 e5 17. Qb3 Kc7 18. Bd2 b6 19. a4 Nxe4 20. a5 b5 21. a6 Nxd2 22.
Nxd2 Rhf8 23. Rxf8 Rxf8 24. a7 Nb6 25. c4 exd4 26. Nf3 Qe3+ 27. Qxe3 dxe3 28. cxb5 Bxb2 29. Ra2 Bf6 30. Rc2 c5 31. Kf1 Ra8 0-1

[Event "*** Titled Tuesday Blitz AM"]
[Site "Chess.com"]
[Date "2020.01.07"]
[Round "1"]
[White "Sven_Tica"]
[Black "Rainbow2014"]
[Result "1-0"]
[WhiteElo "2654"]
[BlackElo "2269"]
[TimeControl "180+2"]
[EndTime "9:07:25 PST"]
[Termination "Sven_Tica won on time"]

1. d4 Nf6 2. c4 e6 3. g3 d5 4. Bg2 Be7 5. Nf3 O-O 6. O-O dxc4 7.
Ne5 Nc6 8. Nxc6 bxc6 9. Na3 Bxa3 10. bxa3 Nd5 11. Qd2 Ba6 12. Qa5 Qc8 13. a4 Rd8 14. Ba3 Rb8 15. Bc5 c3 16. Rfe1 Nb6 17. Bxc6 Bb7 18.
Bg2 Bxg2 19. Kxg2 Qb7+ 20. f3 Qc6 21. Rac1 Qxa4 22. Bxb6 Qxa5 23. Bxa5 Rxd4 24. Bxc7 Rc8 25. Rxc3 Rd2 26. Kf2 Rxa2 27. Rb1 h5 28. Be5 Rd8 29. Rb8 Rxb8 30. Bxb8 a5 31. Rc8+ Kh7 32. Be5 a4 33. Ra8 f6 34. Bd6 Kg6 35. Ra7 Ra1 36. Bf8 Kf5 37. Bxg7 a3 38. e4+ Ke5 39. Ra5+ Kd6 40. Rxa3 Rxa3 41. Bf8+ Kc6 42. Bxa3 Kd7 43. Ke3 f5 44.
exf5 exf5 45. Kf4 Ke6 46. Kg5 h4 47. gxh4 Kf7 48. Kxf5 Kg7 49. h5 Kh7 50. Kg5 Kh8 51. Kg6 Kg8 52. h6 1-0

[Event "*** Titled Tuesday Blitz AM"]
[Site "Chess.com"]
[Date "2020.01.07"]
[Round "1"]
[White "LLRChess"]
[Black "AtabayevSaparmyrat"]
[Result "0-1"]
[WhiteElo "2306"]
[BlackElo "2695"]
[TimeControl "180+2"]
[EndTime "9:07:26 PST"]
[Termination "AtabayevSaparmyrat won by resignation"]

1. e4 e5 2. Nf3 Nc6 3. Bb5 Nf6 4.
d3 d6 5. O-O g6 6. d4 Bd7 7.
Bg5 Bg7 8. Bxc6 Bxc6 9. dxe5 dxe5 10. Qxd8+ Rxd8 11. Nxe5 Bxe4 12. Nc3 Bf5 13. g4 Be6 14. f3 O-O 15. Rfe1 h6 16. Bh4 Rfe8 17. Bg3 Nd5 18.
Nxd5 Bxd5 19. Kf2 c6 20. Nd3 Bc4 21. Rxe8+ Rxe8 22. Re1 Rxe1 23. Kxe1 Bxd3 24. cxd3 Bxb2 25. Bf2 a6 26. d4 Kf8 27. Kd2 Ke7 28. Kc2 Ba3 29.
Kb3 Bd6 30. h4 h5 31. Kc4 Ke6 32. Be3 Bg3 33. Kd3 Bxh4 34. Ke4 f5+ 35. gxf5+ gxf5+ 36. Kf4 Be7 37. Bf2 h4 0-1

[Event "*** Titled Tuesday Blitz AM"]
[Site "Chess.com"]
[Date "2020.01.07"]
[Round "1"]
[White "ristingho"]
[Black "GeorgMeier"]
[Result "0-1"]
[WhiteElo "2516"]
[BlackElo "2960"]
[TimeControl "180+2"]
[EndTime "9:07:27 PST"]
[Termination "GeorgMeier won by resignation"]

1. d4 e6 2. c4 b6 3. a3 Nf6 4.
Nc3 Bb7 5. Qc2 d5 6. Nf3 c5 7.
cxd5 cxd4 8. Nxd4 Nxd5 9. Qa4+ Qd7 10. Qxd7+ Nxd7 11. Bd2 Bc5 12. Nb3 Be7 13. e3 Rc8 14. Rc1 O-O 15. Be2 Bf6 16. Bf3 Ne5 17. Bxd5 Nd3+ 18.
Kf1 Bxd5 19. Nxd5 exd5 20. Rxc8 Rxc8 21. Ke2 Nxb2 22. Rb1 Na4 23. Kd3 h5 24. Bb4 a5 25.
Bd2 Rc4 26. f3 Kf8 27. e4 Nb2+ 28. Ke3 dxe4 29. fxe4 Rc2 30. Bc1 Nc4+ 31. Kd3 Rc3+ 32. Ke2 b5 33. Nd2 Nd6 34. Bb2 Rc2 35. e5 Nc4 36. exf6 Rxd2+ 37. Kf3 Rxb2 38. Rd1 gxf6 0-1